AoeStats
← _LY_抖音肥龙

Arena

505647324Analyzed
4v4 RM · 21d ago on Sep 10, 2026· 24m 55s· 8 players
Game mode
Random Map
Map size
Large (8 player)
Population
200
Speed
Normal
Resources
Standard
Victory
Conquest
Starting age
Dark Age
Ending age
Imperial Age
RankedLock teamsTeams togetherTeam positionsShared explorationLock speedFull tech treeHidden civsTurbo modeCheats
Victory
Defeat
🇪🇸 Portuguese · Spain
1734
+13
🇨🇳 Slavs · China
1702
+14
🇨🇳 Khmer · China
1549
+20
🇨🇳 Romans · China
1477
+23
🇭🇰 Mongols · Hong Kong SAR China
1778
-22
🇬🇧 Bengalis · United Kingdom
1657
-18
🇭🇰 Khmer · Hong Kong SAR China
1643
-17
🇨🇳 Persians · China
1537
-13
Tatan
10:44 Feudal Age
13:39 Castle Age
11:42 Double-Bit Axe
12:17 Horse Collar
14:40 Bow Saw
14:43 Heavy Plow
20:22 Wheelbarrow
20:17 Stone Mining
20:28 Gold Mining
21:57 Hand Cart
23:23 Loom
23:24 Town Watch
27:32 Imperial Age
_LY_抖音肥龙
9:51 Feudal Age
13:34 Castle Age
12:04 Double-Bit Axe
12:37 Horse Collar
20:33 Wheelbarrow
20:45 Bow Saw
21:29 Gold Mining
22:40 Hand Cart
22:19 Stone Mining
23:30 Loom
27:13 Imperial Age
JustAGecko
10:44 Feudal Age
14:24 Castle Age
12:34 Double-Bit Axe
12:38 Horse Collar
15:33 Bow Saw
15:19 Town Watch
17:33 Loom
Boar
10:04 Feudal Age
10:54 Double-Bit Axe
14:03 Castle Age
12:18 Horse Collar
18:14 Loom
19:09 Scale Barding Armor
20:15 Forging
20:55 Gold Mining
Mariner
9:03 Feudal Age
9:39 Double-Bit Axe
12:35 Scale Barding Armor
14:04 Bloodlines
14:09 Forging
14:57 Bloodlines
17:02 Wheelbarrow
17:12 Horse Collar
24:00 Castle Age
22:49 Gold Mining
24:43 Husbandry
25:09 Chain Barding Armor
24:13 Light Cavalry
青衫天子
10:41 Feudal Age
11:32 Double-Bit Axe
11:50 Horse Collar
14:33 Castle Age
15:32 Bow Saw
15:22 Heavy Plow
16:40 Wheelbarrow
21:27 Hand Cart
21:04 Gold Mining
23:10 Gold Shaft Mining
23:25 Loom
23:26 Town Watch
26:59 Imperial Age
24:32 Scale Mail Armor
24:13 Pikeman
24:54 Squires
奶油桃桃哈哈哈
9:33 Feudal Age
7:56 Loom
7:59 Loom
13:04 Castle Age
11:12 Double-Bit Axe
咩咩启示录
10:29 Feudal Age
14:33 Castle Age
13:12 Double-Bit Axe
15:14 Horse Collar
18:37 Loom
21:25 Wheelbarrow
26:54 Imperial Age
25:11 Bow Saw
Connection lost

Rejoining the realm…

Still unreachable

The connection could not be restored.

Session expired

The server has moved on; the page needs a fresh start.